 Dungeon Crawl Stone Soup version 0.29.0-4-gdea44cf6ec (webtiles) character file.

Game seed: 4239569066467773459

2 qw the Sneak (level 1, -2/14 HPs)
             Began as a Gargoyle Delver on Sept 10, 2022.
             Slain by an iguana (11 damage)
             ... on level 5 of the Dungeon.
             The game lasted 00:00:03 (187 turns).

qw the Sneak (Gargoyle Delver)                       Turns: 187, Time: 00:00:04

Health: -2/14      AC:  8    Str: 15    XL:     1   Next: 40%
Magic:  1/1        EV: 11    Int: 10    God:
Gold:   28         SH:  0    Dex: 11    Spells: 0/0 levels left

rFire   . . .      SeeInvis .   Y - +0 hand axe
rCold   . . .      Faith    .   (no shield)
rNeg    + . .      Spirit   .   h - +3 leather armour
rPois   inf        Reflect  .   (no helmet)
rElec   +          Harm     .   (no cloak)
rCorr   .          Rampage  .   (no gloves)
Will    .....                   (no boots)
Stlth   +++.......              (no amulet)
HPRegen 0.04/turn               (no ring)
MPRegen 0.07/turn               (no ring)

@: no status effects
A: sickness immunity, AC +2, negative energy resistance 1, electricity
resistance, torment resistance 1, petrification resistance
a: no special abilities


You were on level 5 of the Dungeon.
You visited 1 branch of the dungeon, and saw 1 of its levels.

You collected 28 gold pieces.


Innate Abilities, Weirdness & Mutations

You are immune to sickness and miasma.
Your stone body is resilient. (AC +2)
You are immune to poison.
You resist negative energy. (rN+)
You are resistant to electric shocks. (rElec)
You are resistant to unholy torment.
You are immune to petrification.


   Skills:
 - Level 3.2 Fighting
 + Level 2.0 Axes
 - Level 1.5 Dodging
 - Level 5.4 Stealth


You couldn't memorise any spells.
You didn't know any spells.
Your spell library was empty.

Inventory:

Hand Weapons
 Y - a +0 hand axe (weapon)
Armour
 h - a +3 leather armour (worn)
Wands
 g - a wand of digging (3)
Potions
 f - a potion of haste

Dungeon Overview and Level Annotations

Branches:
Dungeon (5/15)
 Temple: D:4-7

Altars:


Message History

You drop a scroll of magic mapping.
103 ||| DROPPING scroll of fear.
You drop a scroll of fear.
(D) Dungeon
Where to? (* - list waypoints, ? - help)
What level of the Dungeon? (default 1, ? - help)
A dart slug comes into view.
106 ||| Stepping ~*~*~tactically~*~*~ (hiding).
You start waiting.
An iguana comes into view.
158 ||| Stepping ~*~*~tactically~*~*~ (stealth).
159 ||| Stepping ~*~*~tactically~*~*~ (hiding).
You start waiting.
An iguana is nearby!
169 ||| Stepping ~*~*~tactically~*~*~ (stealth).
The dart slug launches a dart at you. The slug dart misses you.
170 ||| Stepping ~*~*~tactically~*~*~ (hiding).
171 ||| Stepping ~*~*~tactically~*~*~ (hiding).
172 ||| Stepping ~*~*~tactically~*~*~ (stealth).
173 ||| Stepping ~*~*~tactically~*~*~ (hiding).
You start waiting.
A dart slug is nearby!
The dart slug closely misses you.
You hit the dart slug.
The dart slug is severely wounded.
The dart slug bites you but does no damage.
You hit the dart slug.
You kill the dart slug!
Your Axes skill increases to level 2!
You start waiting.
An iguana is nearby!
You barely miss the iguana. The iguana bites you.
You hit the iguana but do no damage. The iguana closely misses you.
You hit the iguana.
The iguana is lightly wounded.
The iguana bites you!
Ouch! That really hurt!
You die...

.................##:..
.#.....................
.......................
...................#(.
#....................
#...................
#####......?.......###+#
...................#
.....$l@...........#
......##...........+
................##.#
.....?.............#
...............##..#
.........<.....# #.
.................
................
..............#.


You could see an iguana.

Vanquished Creatures
  A dart slug (D:5)
1 creature vanquished.

Notes
Turn   | Place    | Note
-------+----------+-------------------------------------------
     0 | D:5      | qw the Gargoyle Delver began the quest for the Orb.
     0 | D:5      | Reached XP level 1. HP: 14/14 MP: 1/1
     0 | D:5      | 0 ||| qw: Version: 0.1-a-116-g5d60599
     0 | D:5      | 0 ||| qw: Game counter: 9364
     0 | D:5      | 0 ||| qw: Always use a shield: true
     0 | D:5      | 0 ||| qw: God list: Okawaru
     0 | D:5      | 0 ||| qw: Allow faded altars: false
     0 | D:5      | 0 ||| qw: Do Orc after D:15 true
     0 | D:5      | 0 ||| qw: Do second Lair branch before Depths: true
     0 | D:5      | 0 ||| qw: Lair rune preference: random
     0 | D:5      | 0 ||| qw: Plans: Normal
     0 | D:5      | 0 ||| PLANNING D:1-11
    89 | D:5      | 89 ||| UPGRADING to +3 leather armour.
    99 | D:5      | 99 ||| DROPPING +0 leather armour.
   100 | D:5      | 100 ||| READING scroll labelled VYPILI ISKOG.
   101 | D:5      | 101 ||| DROPPING scroll of fog.
   102 | D:5      | 102 ||| DROPPING scroll of magic mapping.
   103 | D:5      | 103 ||| DROPPING scroll of fear.
   106 | D:5      | 106 ||| Stepping ~*~*~tactically~*~*~ (hiding).
   157 | D:5      | Noticed an iguana
   158 | D:5      | 158 ||| Stepping ~*~*~tactically~*~*~ (stealth).
   159 | D:5      | 159 ||| Stepping ~*~*~tactically~*~*~ (hiding).
   169 | D:5      | 169 ||| Stepping ~*~*~tactically~*~*~ (stealth).
   170 | D:5      | 170 ||| Stepping ~*~*~tactically~*~*~ (hiding).
   171 | D:5      | 171 ||| Stepping ~*~*~tactically~*~*~ (hiding).
   172 | D:5      | 172 ||| Stepping ~*~*~tactically~*~*~ (stealth).
   173 | D:5      | 173 ||| Stepping ~*~*~tactically~*~*~ (hiding).
   187 | D:5      | Slain by an iguana

Levels and vault maps discovered:
D:5:      layout_rooms, vehumet_statue, lemuel_doored_altar, serial_curves,
          eino_curves_04, eino_curves_04, minmay_misc_feat_square,
          patterned_corridor

Skill      XL: |  1 |
---------------+----+-----
Axes           | 2 |  2.0
Fighting       | |  3.2
Dodging        | |  1.5
Stealth        | |  5.4

Action                   || total
-------------------------++-------
Melee: Hand axe          ||     5
  Use: Scroll            ||     1
Armor: Leather armour    ||     1
Dodge: Dodged            ||     3

Table legend:
 A = Non-vault XP
 B = Vault XP
 C = Vault XP percentage of total XP
 D = Non-vault monster count
 E = Vault monster count
 F = Vault count percentage of total count
                 A         B        C        D         E       F
            +---------+---------+-------+---------+---------+-------
      Total |       4 |       0 |   0.0 |       1 |       0 |   0.0
            +---------+---------+-------+---------+---------+-------
        D:5 |       4 |       0 |   0.0 |       1 |       0 |   0.0
            +---------+---------+-------+---------+---------+-------
